 Dungeon Crawl Stone Soup version 0.31-a0-4-gefa6de2278 (webtiles) character file.

Game seed: 5238432209745529688

107 ytrimaz the Magician (level 5, -1/35 HPs)
             Began as a Djinni Conjurer on May 3, 2023.
             Slain by an orc
             ... wielding a +0 short sword
              (4 damage)
             ... on level 3 of the Dungeon.
             The game lasted 00:03:18 (2367 turns).

ytrimaz the Magician (Djinni Conjurer)              Turns: 2367, Time: 00:03:19

Health: -1/35      AC:  2    Str:  6    XL:     5   Next: 10%
Gold:   169        EV:  9    Int: 22    God:
                   SH:  0    Dex: 11

rFire   + + .        (no weapon)
rCold   x . .        (no shield)
rNeg    . . .        a - +0 robe
rPois   ∞            (no helmet)
rElec   .            (no cloak)
rCorr   .            (no gloves)
SInv    .            (boots unavailable)
Will    .....        (no amulet)
Stlth   ++           (no ring)
HPRegen 0.25/turn    (no ring)
MPRegen 0.00/turn

%: infuse magic (-2 HP)
@: flying, constricted
A: sickness immunity, fire resistance 2, cold vulnerability 1, float, innate
caster, HP casting, extra vitality 1
a: no special abilities


You were on level 3 of the Dungeon.
You visited 1 branch of the dungeon, and saw 3 of its levels.

You collected 169 gold pieces.


Innate Abilities, Weirdness & Mutations

You are immune to sickness and miasma.
You are immune to poison.
Your flesh is very heat resistant. (rF++)
You are vulnerable to cold. (rC-)
You float through the air rather than walking.
You learn spells naturally, not from books.
Your magical power is your life essence.
You have superior vitality. (+4 MHP)


   Skills:
 + Level 3.5 Dodging
 - Level 1.5 Stealth
 * Level 4.3 Spellcasting


You knew the following spells:

 Your Spells              Type           Power      Damage    Failure   Level
a - Magic Dart            Conj           92%        1d7       1%          1
b - Searing Ray           Conj           46%        2d6       2%          2
c - Sandblast             Erth           46%        2d11      1%          1
d - Fulminant Prism       Conj/Hex       11%        3d9       19%         4
e - Iskenderun's Mystic   Conj/Tloc      23%        2d6       19%         4
f - Dazzling Flash        Conj/Hex       46%        N/A       5%          3
g - Call Imp              Summ           46%        N/A       2%          2
Your spell library was empty.

Inventory:

Armour
 a - a +0 robe (worn)
Scrolls
 c - 2 scrolls of identify {unknown}
 d - 4 scrolls of teleportation
 e - a scroll of fear {unknown}
 i - a scroll of poison {unknown}
Potions
 b - a potion of haste {unknown}
 f - 4 potions of curing {unknown}
 g - 2 potions of mutation {unknown}
 h - a potion of resistance {unknown}
 j - a potion of degeneration {unknown}

Dungeon Overview and Level Annotations

Branches:
Dungeon (3/15) Zot: 15601

Altars:

#....# ###†## .........#
#....# #..... .........#
#....# #.#.## .........#
#....# #.#.## .........#
#....# #.#.##
......?..###....###.#...
..............).g.†.....
..>....oSg....ggg.<.####
[..r..o@og......#...#
.........##.....#...#
.......[.##..........#
##+##+#.###.....##.....
#.................
#.##..............
........## ######. ###


You could see a gnoll sergeant, 2 gnolls, 3 orcs, a quokka and a ball python.


Message History

A gnoll comes into view. It is wielding a +0 whip.
You see here a bat corpse. 😎 HP[+2]
Your hp is fully restored (31).
A gnoll is nearby!
A gnoll is nearby!
You can't see any susceptible monsters within range! (Use Z to cast anyway.)
A gnoll sergeant comes into view. It is wielding a +0 spear.
The gnoll shouts!
The gnoll sergeant shouts!
You hear a shout! x2
You hear an angry hiss.
You hear a shout!
A gnoll comes into view. It is wielding a +0 halberd.
The blast of sand hits the gnoll!
A gnoll comes into view. It is wielding a +0 club. 😕 HP[-1]
You take 1 damage, and now have 30/31 hp.
The blast of sand hits the gnoll but does no damage.
The gnoll shouts!
The gnoll misses you.
The blast of sand hits the gnoll!
You kill the gnoll!
A ball python comes into view.
The gnoll sergeant hits you from afar with a +0 spear.
You have reached level 5!
The power to cast Call Imp wells up from within.
Spell assigned to 'g'. 😕 HP[+2]
You now have 35 max hp (+4).
You regained 2 hp, and now have 32/35 hp.
The blast of sand hits the gnoll sergeant but does no damage.
The gnoll misses you.
The gnoll sergeant closely misses you. 😕 HP[-1]
You take 1 damage, and now have 31/35 hp.
The blast of sand hits the gnoll sergeant.
The gnoll misses you.
The gnoll sergeant hits you from afar with a +0 spear.
An orc comes into view. It is wielding a +0 dagger.
The gnoll sergeant hits you from afar with a +0 spear.
The gnoll hits you from afar with a +0 halberd. 😮 HP[-10]
You take 10 damage, and now have 21/35 hp.
MASSIVE DAMAGE!! (PAUSE)
You are too injured to fight recklessly!
You are too injured to fight recklessly!
Unknown command.
There is an escape hatch in the ceiling here.
The gnoll closely misses you. A mysterious force pulls you upwards.
The hatch slams shut behind you. 😮 HP[+1] Unknown command.
Casting: Sandblast (safe; 1% risk of failure)
Confirm with . or Enter, or press ? or * to list all spells.
Okay, then.
Unknown command.
There is a stone staircase leading down here. 😮 HP[+2]
You regained 2 hp, and now have 24/35 hp.
You start resting. 😎 HP[+11]
Your hp is fully restored (35).
Unknown command.
You fly downwards.
Found a ring mail, a plate armour and a scroll labelled QIXALA TOEC.
Found a stone staircase leading down.
There is a stone staircase leading up here.
Unknown command.
There are monsters nearby!
There are monsters nearby!
You can't see any susceptible monsters within range! (Use Z to cast anyway.) Unknown command.
An orc comes into view. It is wielding a +0 club.
The blast of sand hits the orc but does no damage. 😕 HP[-1]
You take 1 damage, and now have 34/35 hp.
The blast of sand hits the orc.
A quokka comes into view.
The orc hits you with a +0 dagger. The orc misses you.
The ball python bites you.
The ball python barely misses you. 😕 HP[-4]
You take 4 damage, and now have 30/35 hp.
The blast of sand misses the orc.
The ball python closely misses you. The ball python barely misses you.
The gnoll barely misses you.
The gnoll sergeant hits you from afar with a +0 spear.
The orc hits you with a +0 dagger. The orc hits you with a +0 short sword.
The ball python barely misses you. The ball python closely misses you.
The gnoll sergeant barely misses you. The gnoll barely misses you.
The orc hits you with a +0 dagger. The orc closely misses you. 😮 HP[-10]
You take 10 damage, and now have 20/35 hp.
MASSIVE DAMAGE!! (PAUSE)
The ball python barely misses you. The ball python grabs you.
You stop ascending the stairs.
The ball python constricts you.
The gnoll hits you from afar with a +0 halberd!
* * * LOW HITPOINT WARNING * * *
The orc closely misses you.
The gnoll sergeant hits you from afar with a +0 spear.
* * * LOW HITPOINT WARNING * * *
The orc hits you with a +0 short sword.
You die...

Skill      XL: |  1  2  3 |
---------------+----------+-----
Dodging        | 3 |  3.5
Spellcasting   | 4 |  4.3
Stealth        | |  1.5

Action                     |  1- 3 |  4- 6 || total
---------------------------+-------+-------++-------
  Melee: Unarmed           |       |     1 ||     1
   Cast: Magic Dart        |    34 |     3 ||    37
         Sandblast         |    21 |    40 ||    61
    Use: Scroll            |       |     3 ||     3
 Armour: Robe              |     3 |     5 ||     8
  Dodge: Dodged            |     9 |    24 ||    33

Levels and vault maps discovered:
D:1:      dpeg_arrival_simpleton_b, layout_basic
D:2:      layout_basic, hangedman_decor_points, interstate_on_off
D:3:      layout_basic, mainiacjoe_overflow_tiny_flanked, gammafunk_ghost_arena,
          hellmonk_ecumenical_altar_leap_of_faith

Notes
Turn   | Place    | Note
-------+----------+-------------------------------------------
     0 | D:1      | ytrimaz the Djinni Conjurer began the quest for the Orb.
     0 | D:1      | ytrimaz set off with the following spells memorised: Magic
                  | Dart, Searing Ray, Dazzling Flash, Fulminant Prism,
                  | Iskenderun's Mystic Blast.
     0 | D:1      | Reached XP level 1. HP: 15/15 MP: 0/0
     0 | D:1      | magus.rc [v1.9.6]
   110 | D:1      | Reached XP level 2. HP: 10/21 MP: 0/0
   182 | D:1      | magus.rc [v1.9.6]
   436 | D:1      | Reached XP level 3. HP: 23/25 MP: 0/0
   436 | D:1      | Learned a level 1 spell: Sandblast
  1080 | D:2      | Reached skill level 3 in Dodging
  1181 | D:2      | Reached skill level 4 in Spellcasting
  1181 | D:2      | Reached XP level 4. HP: 25/31 MP: 0/0
  2297 | D:3      | Noticed a gnoll sergeant
  2301 | D:3      | Reached XP level 5. HP: 32/35 MP: 0/0
  2301 | D:3      | Learned a level 2 spell: Call Imp
  2367 | D:3      | HP: 8/35 [gnoll/+0 halberd[a gnoll sergeant] (12)]
  2367 | D:3      | HP: 3/35 [gnoll sergeant/+0 spear (5)]
  2367 | D:3      | Slain by an orc

Vanquished Creatures
  A gnoll (D:3)
  3 adders (D:2)
  A worm (D:3)
  2 dart slugs (D:3)
  7 ball pythons
  7 bats
  3 endoplasms
  3 giant cockroaches
  4 hobgoblins
  3 jackals (D:3)
  7 kobolds
  3 quokkas (D:1)
  5 frilled lizards
  9 goblins
  2 rats
60 creatures vanquished.

Table legend:
 A = Non-vault XP
 B = Vault XP
 C = Vault XP percentage of total XP
 D = Non-vault monster count
 E = Vault monster count
 F = Vault count percentage of total count
                 A         B        C        D         E       F
            +---------+---------+-------+---------+---------+-------
      Total |     153 |       0 |   0.0 |      60 |       0 |   0.0
            +---------+---------+-------+---------+---------+-------
        D:1 |      49 |       0 |   0.0 |      32 |       0 |   0.0
        D:2 |      62 |       0 |   0.0 |      16 |       0 |   0.0
        D:3 |      42 |       0 |   0.0 |      12 |       0 |   0.0
            +---------+---------+-------+---------+---------+-------

Skill      XL: |  1  2  3 |
---------------+----------+-----
Dodging        | 3 |  3.5
Spellcasting   | 4 |  4.3
Stealth        | |  1.5

Action                     |  1- 3 |  4- 6 || total
---------------------------+-------+-------++-------
  Melee: Unarmed           |       |     1 ||     1
   Cast: Magic Dart        |    34 |     3 ||    37
         Sandblast         |    21 |    40 ||    61
    Use: Scroll            |       |     3 ||     3
 Armour: Robe              |     3 |     5 ||     8
  Dodge: Dodged            |     9 |    24 ||    33

Illustrated notes

Table legend:
 A = Kills in this place as a percentage of kills in the entire game.
 B = Kills by you in this place as a percentage of kills by you in the entire game.
 C = Kills by friends in this place as a percentage of kills by friends in the entire game.
 D = Other kills in this place as a percentage of other kills in the entire game.
 E = Experience gained in this place as a percentage of experience gained in the entire game.
 F = Experience gained in this place divided by the number of levels of this place that you have seen.
                   A       B       C       D       E      F
               +-------+-------+-------+-------+-------+----------------------
         Total | 100.0 | 100.0 |   N/A |   N/A | 100.0 |  51.0
       Dungeon | 100.0 | 100.0 |   N/A |   N/A | 100.0 |  51.0
               +-------+-------+-------+-------+-------+----------------------

Table legend: (Time is in decaauts)
 A = Elapsed time spent in this place.
 B = Non-inter-level travel time spent in this place.
 C = Inter-level travel time spent in this place.
 D = Time resting spent in this place.
 E = Time spent auto-exploring this place.
 F = Levels seen in this place.
 G = Mean time per level.
                   A        B        C        D        E       F      G
               +--------+--------+--------+--------+--------+-----+--------+
         Total |   2397 |   2362 |     35 |     43 |   2013 |   3 |  799.0 |
       Dungeon |   2397 |   2362 |     35 |     43 |   2013 |   3 |  799.0 |
               +--------+--------+--------+--------+--------+-----+--------+

Top non-repeatable levels by time:
     D:1: 1079 daAuts
     D:2: 984 daAuts
     D:3: 334 daAuts
